 Dungeon Crawl Stone Soup version 0.30.1-11-g7821555f0a (webtiles) character file.

Game seed: 17679913594757990301

53 Nepgya the Sneak (level 3, -3/26 HPs)
             Began as a Vampire Enchanter on Dec 21, 2023.
             Slain by a sleepcap (18 damage)
             ... on level 2 of the Dungeon.
             The game lasted 00:01:42 (844 turns).

Nepgya the Sneak (Vampire Enchanter)                 Turns: 844, Time: 00:01:42

Health: -3/26      AC:  5    Str:  7    XL:     3   Next: 64%
Magic:  2/6        EV:  2    Int: 19    God:
Gold:   47         SH:  0    Dex: 14    Spells: 4/6 levels left

rFire   . . .        a - +1 dagger
rCold   . . .        (no shield)
rNeg    . . .        b - +0 robe
rPois   .            (no helmet)
rElec   .            (no cloak)
rCorr   .            d - +2 pair of gloves
SInv    +            (no boots)
Will    .....        (no amulet)
Stlth   +++          (no ring)
HPRegen 0.44/turn    (no ring)
MPRegen 0.10/turn

%: no passive effects
@: lethally poisoned (-3 -> -6), sleeping, healing quickly
A: alive, fangs 3, see invisible, vampiric 2
a: Exsanguinate


You were on level 2 of the Dungeon.
You visited 1 branch of the dungeon, and saw 2 of its levels.

You collected 47 gold pieces.

Inventory:

Hand Weapons
 a - a +1 dagger (weapon)
Armour
 b - a +0 robe (worn)
 d - a +2 pair of gloves (worn)
Jewellery
 k - a +4 ring of slaying
Scrolls
 e - a scroll of blinking {unknown}
 f - a scroll of magic mapping {unknown}
 g - 8 scrolls of identify {unknown}
 h - a scroll of poison {unknown}
 l - a scroll of enchant armour {unknown}
 n - 2 scrolls of teleportation {unknown}
Potions
 c - 2 potions of invisibility
 i - a potion of might {unknown}
 j - a potion of mutation {unknown}
 m - a potion of berserk rage {unknown}
 o - a potion of flight {unknown}


   Skills:
 + Level 1.1 Fighting
 + Level 2.0 Short Blades
 + Level 2.7 Dodging
 + Level 5.1 Stealth
 - Level 2.0 Spellcasting
 + Level 5.0 Hexes


You had 4 spell levels left.
You knew the following spells:

 Your Spells              Type           Power      Damage    Failure   Level
a - Ensorcelled Hibernat  Hex/Ice        22%        N/A       9%          2

Your spell library contained the following spells:

 Spells                   Type           Power      Damage    Failure   Level
 Confusing Touch          Hex            20%        N/A       6%          3
 Tukima's Dance           Hex            20%        N/A       6%          3
 Dazzling Flash           Conj/Hex       22%        N/A       19%         3
 Gell's Gravitas          Tloc           1%         N/A       45%         3
 Teleport Other           Tloc           1%         N/A       45%         3
 Dispersal                Tloc           0%         N/A       100%        6


Dungeon Overview and Level Annotations

Branches:
Dungeon (2/15)

Altars:


Innate Abilities, Weirdness & Mutations

Your natural rate of healing is accelerated.
You have razor-sharp teeth.
You have supernaturally acute eyesight. (SInv)
You are afflicted with vampirism and can become a bat while bloodless.


Message History

You hit the endoplasm. You bite the endoplasm.
The endoplasm is severely wounded.
The goblin throws a poisoned dart.
The poisoned dart hits you!
You are poisoned.
The endoplasm closely misses you.
You hit the endoplasm. You bite the endoplasm.
You kill the endoplasm!
You feel sick.
The goblin throws a poisoned dart.
The poisoned dart hits you!
You are more poisoned.
Casting: Ensorcelled Hibernation (safe; 10% risk of failure)
Confirm with . or Enter, or press ? or * to list all spells.
Aiming: Ensorcelled Hibernation (safe; 10% risk of failure)
Press: ? - help, Shift-Dir - straight line, f - goblin
Aim: a goblin, wielding a +0 dagger and quivering poisoned darts (chance to affect: 62%)
The goblin looks drowsy...
You feel very sick. The bat completely misses you.
The bat hits you but does no damage. The bat closely misses you.
Found a stone staircase leading down.
You feel very sick.
The helpless goblin fails to defend itself.
You impale the goblin!!
You kill the goblin!
You feel sick. The bat hits you but does no damage.
The sleepcap barely misses you.
Your Hexes skill increases to level 5!
Casting: Ensorcelled Hibernation (safe; 9% risk of failure)
Confirm with . or Enter, or press ? or * to list all spells.
Aiming: Ensorcelled Hibernation (safe; 9% risk of failure)
Press: ? - help, Shift-Dir - straight line, f - bat
Aim: a bat (chance to affect: 62%)
The bat resists with significant effort.
You feel sick. The bat closely misses you. The sleepcap releases spores at you.
* * * LOW HITPOINT WARNING * * *
You are engulfed in a cloud of soporific spores!
You fall asleep.
You feel sick. The bat completely misses you.
The sleepcap releases spores at you!!
Ouch! That really hurt!
You die...

####............##
.................#######
###.##'#'#####.#........
.(..##.#.##.......######
######.#.##........#
.......#.##.....[..##
########.##.........##
#.##..........#
#........@..#.#
......).f)b.#.#
........?....
..............>
.......##...### .#####.
#### #$ #.


You could see a sleepcap and a bat.

Vanquished Creatures
  2 adders (D:2)
  2 dart slugs
  4 endoplasms
  2 giant cockroaches (D:1)
  2 hobgoblins (D:1)
  5 kobolds
  3 ball pythons
  4 bats
  3 goblins
  3 rats (D:1)
30 creatures vanquished.

Notes
Turn   | Place    | Note
-------+----------+-------------------------------------------
     0 | D:1      | Nepgya the Vampire Enchanter began the quest for the Orb.
     0 | D:1      | Reached XP level 1. HP: 13/13 MP: 3/3
   236 | D:1      | Reached XP level 2. HP: 20/20 MP: 5/5
   390 | D:1      | Found a faded altar of an unknown god.
   693 | D:2      | Learned a level 2 spell: Ensorcelled Hibernation
   700 | D:2      | Gained mutation: You are afflicted with vampirism and can
                  | become a bat while bloodless. [Vampire growth]
   700 | D:2      | Reached XP level 3. HP: 25/25 MP: 6/6
   760 | D:2      | Reached skill level 1 in Fighting
   760 | D:2      | Reached skill level 5 in Stealth
   843 | D:2      | Reached skill level 5 in Hexes
   844 | D:2      | Slain by a sleepcap

Illustrated notes

Levels and vault maps discovered:
D:1:      minmay_arrival_open_corners, layout_basic, basic_ecumenical_altar,
          minmay_cupped
D:2:      layout_basic, serial_shops, shop, uniq_natasha, uniq_terence

Skill      XL: |  1  2  3 |
---------------+----------+-----
Fighting       | 1 |  1.1
Stealth        | 5 |  5.1
Short Blades   | 2 |  2.0
Hexes          | 5 |  5.0
Dodging        | |  2.7
Spellcasting   | |  2.0

Action                     || total
---------------------------++-------
  Melee: Dagger            ||    83
         Bite              ||     9
         Punch             ||     1
   Cast: Ensorcelled Hiber ||     2
   Stab: Sleeping          ||     8
 Armour: Robe              ||    35
  Dodge: Dodged            ||    58
